 Dungeon Crawl Stone Soup version 0.17.1-2-g5865329 (webtiles) character file.

226 Grim the Sneak (level 6, -2/39 HPs)
             Began as an Octopode Assassin on Feb 16, 2016.
             Slain by a human zombie (7 damage)
             ... in an ossuary.
             The game lasted 00:09:09 (4017 turns).

Grim the Sneak (Octopode Assassin)                  Turns: 4017, Time: 00:09:09

Health: -2/39      AC:  1    Str: 14    XL:     6   Next: 1%
Magic:  6/6        EV: 12    Int: 13    God:
Gold:   166        SH:  0    Dex: 16    Spells: 0 memorised, 5 levels left

rFire  x . .     SeeInvis .     a - +3 dagger
rCold  + . .     Clarity  .     (no shield)
rNeg   . . .     SustAt   .     (helmet restricted)
rPois  +         Gourm    .     (no amulet)
rElec  .         Spirit   .     l - +4 ring of strength
rCorr  .         Warding  .     o - ring of ice
rMut   .         Stasis   .     s - ring of poison resistance
MR     .....                    (no ring)
Stlth  +++++.....               (no ring)
                                (no ring)
                                (no ring)
                                (no ring)

@: not resistant to hostile enchantments, quite stealthy
A: almost no armour, amphibious, 8 rings, constrict 8, camouflage 1, gelatinous
body 1
a: no special abilities


You were in an ossuary.
You were not hungry.

You visited 1 branch of the dungeon, and saw 4 of its levels.
You also visited: Ossuary.

You collected 166 gold pieces.

Inventory:

Hand Weapons
 a - a +3 dagger (weapon)
 b - a +0 blowgun
Missiles
 c - 29 poisoned needles
 d - 2 curare-tipped needles
Jewellery
 l - a +4 ring of strength (left tentacle)
 o - a ring of ice (right tentacle)
 s - a ring of poison resistance (on tentacle)
Scrolls
 g - a scroll of remove curse
 p - a scroll of enchant weapon
 q - 2 scrolls of recharging
Potions
 i - a potion of ambrosia
 k - a potion of agility {unknown}
Books
 f - a book of Changes

   Spells                             Type                      Level
   a - Beastly Appendage              Transmutation                1
   b - Sticks to Snakes               Transmutation                2
   c - Spider Form                    Transmutation/Poison         3
   d - Ice Form                       Ice/Transmutation            4
   e - Blade Hands                    Transmutation                5
Comestibles
 e - 4 bread rations
 h - a beef jerky
 j - 2 meat rations


   Skills:
 - Level 2.0 Fighting
 * Level 5.0 Short Blades
 - Level 2.0 Throwing
 - Level 1.0 Dodging
 + Level 7.2 Stealth


You had 5 spell levels left.
You didn't know any spells.

Dungeon Overview and Level Annotations

Branches:
Dungeon (4/15)             Temple (0/1) D:4

Altars:
Gozag


Innate Abilities, Weirdness & Mutations

You cannot wear most types of armour.
You are amphibious.
You can wear up to eight rings at the same time.
You can use your tentacles to constrict eight enemies at once.
Your skin changes colour to match your surroundings (Stealth).
Your rubbery body absorbs attacks (AC +1).


Message History

You feel less confused. The rat zombie bites you.
* * * LOW HITPOINT WARNING * * *
You puncture the human zombie! You grab the human zombie.
You constrict the human zombie. The jackal zombie bites you.
* * * LOW HITPOINT WARNING * * *
The human zombie hits you!
* * * LOW HITPOINT WARNING * * *
You hit the human zombie. You constrict the human zombie.
The jackal zombie bites you but does no damage.
You hit the human zombie. You constrict the human zombie.
The human zombie misses you. The jackal zombie bites you.
* * * LOW HITPOINT WARNING * * *
You are too injured to fight recklessly!
You are too injured to fight recklessly!
You hit the human zombie. You constrict the human zombie.
The jackal zombie closely misses you.
You hit the human zombie. You constrict the human zombie.
The human zombie hits you!
You die...

##..# ####...#
..########......#
................#
................#
..########......#
####.Z.# ##ZZ#
+@.# ##..#
####...#
..########......#
................#
....∩..∩........#
#################


You could see a rat zombie, a jackal zombie and a human zombie.

Vanquished Creatures
  A hound (D:4)
  A human zombie (Ossuary)
  A worker ant (D:4)
  5 adders
  An ooze (D:1)
  An adder zombie (Ossuary)
  4 worms (D:3)
  4 giant geckos
  4 orcs
  10 bats
  A giant cockroach (D:4)
  5 hobgoblins
  7 jackals
  4 kobolds
  A quokka (D:3)
  6 giant newts
  8 goblins
  4 jackal zombies (Ossuary)
  A kobold zombie (Ossuary)
  A quokka skeleton (D:4)
  A quokka zombie (Ossuary)
  4 rats
75 creatures vanquished.

Notes
Turn   | Place    | Note
--------------------------------------------------------------
     0 | D:1      | Grim the Octopode Assassin began the quest for the Orb.
     0 | D:1      | Reached XP level 1. HP: 14/14 MP: 1/1
   420 | D:1      | Reached XP level 2. HP: 19/19 MP: 2/2
   812 | D:1      | Reached XP level 3. HP: 24/24 MP: 3/3
  1104 | D:2      | Reached skill level 6 in Stealth
  1745 | D:3      | Reached XP level 4. HP: 29/29 MP: 4/4
  2607 | D:3      | Found an opulent altar of Gozag.
  3305 | D:4      | Reached XP level 5. HP: 34/34 MP: 5/5
  3716 | D:4      | Found a staircase to the Ecumenical Temple.
  3741 | D:4      | Reached skill level 7 in Stealth
  3886 | D:4      | Found a sand-covered staircase.
  3891 | Ossuary  | Entered an ossuary
  3999 | Ossuary  | Reached skill level 5 in Short Blades
  3999 | Ossuary  | Reached XP level 6. HP: 14/39 MP: 6/6
  4017 | Ossuary  | Slain by a human zombie

Action                   |  1- 3 |  4- 6 || total
-------------------------+-------+-------++-------
Melee: Dagger            |    39 |    93 ||   132
 Fire: Blowgun           |    14 |    36 ||    50
  Use: Scroll            |       |     9 ||     9
       Potion            |       |     1 ||     1
 Stab: Sleeping          |    22 |     9 ||    31
       Distracted        |     1 |     1 ||     2
  Eat: Chunk             |     1 |     8 ||     9
